 Dungeon Crawl Stone Soup version 0.29.1-15-g9cfb28693d (webtiles) character file.

Game seed: 18394125577813208025

3239 nshep25 the Cleaver (level 9, -1/78 HPs)
             Began as a Minotaur Fighter on Apr 28, 2023.
             Was an Initiate of Gozag.
             Slain by an orc warrior
             ... wielding a +0 morningstar
              (10 damage)
             ... on level 8 of the Dungeon.
             The game lasted 00:17:14 (11440 turns).

nshep25 the Cleaver (Minotaur Fighter)             Turns: 11440, Time: 00:17:15

Health: -1/78      AC: 15    Str: 24    XL:     9   Next: 67%
Magic:  8/8        EV: 12    Int: 10    God:    Gozag
Gold:   443        SH:  5    Dex: 11    Spells: 8/8 levels left

rFire   . . .      SeeInvis .   a - +1 war axe (chaos)
rCold   . . .      Faith    .   c - +0 buckler
rNeg    + . .      Spirit   .   s - +5 ring mail "Nuxzeyja" {+Blink Int+5 Stlth+}
rPois   .          Reflect  .   (helmet restricted)
rElec   .          Harm     .   q - +1 cloak
rCorr   .          Rampage  .   (no gloves)
Will    .....                   t - +0 pair of boots
Stlth   ++........              (no amulet)
HPRegen 0.23/turn               w - ring of positive energy
MPRegen 0.11/turn               (no ring)

@: gold aura
A: horns 2, retaliatory headbutt
a: Renounce Religion, Evoke Blink, Potion Petition, Call Merchant, Bribe Branch


You were on level 8 of the Dungeon.
You worshipped Gozag.
Gozag was aware of your devotion.
You visited 2 branches of the dungeon, and saw 9 of its levels.

You collected 811 gold pieces.
You spent 238 gold pieces at shops.
You paid 130 gold pieces to Gozag.

Inventory:

Hand Weapons
 a - a +1 war axe of chaos (weapon)
Missiles
 o - a boomerang (quivered)
Armour
 c - a +0 buckler (worn)
 q - a +1 cloak (worn)
 s - the +5 ring mail "Nuxzeyja" (worn) {+Blink Int+5 Stlth+}
   (You found it on level 3 of the Dungeon)

   Int:       It affects your intelligence (+5).
   +Blink:    It lets you blink.
   Stlth:     It makes you more stealthy.
 t - a +0 pair of boots (worn)
Jewellery
 w - a ring of positive energy (left hand)
 C - an amulet of magic regeneration
 H - a ring of positive energy
Wands
 e - a wand of charming (7)
 p - a wand of mindburst (18)
 D - a wand of polymorph (7)
 M - a wand of roots (10)
Scrolls
 i - a scroll of brand weapon
 j - 2 scrolls of magic mapping
 l - a scroll of identify
 r - 3 scrolls of enchant armour
 u - 4 scrolls of teleportation
Potions
 d - 3 potions of might
 f - a potion of lignification
 g - a potion of ambrosia {unknown}
 h - 6 potions of curing
 k - 4 potions of heal wounds
 m - 4 potions of flight
 n - 3 potions of magic
 x - a potion of attraction {unknown}
 z - 2 potions of haste
 F - 2 potions of invisibility
 J - a potion of cancellation
 L - 2 potions of degeneration {unknown}


   Skills:
 + Level 6.6 Fighting
 + Level 9.5 Axes
 + Level 5.1 Throwing
 + Level 7.6 Armour
 + Level 4.7 Dodging
 + Level 3.1 Stealth
 + Level 5.5 Shields
 + Level 0.4 Unarmed Combat


You had 8 spell levels left.
You didn't know any spells.
Your spell library contained the following spells:

 Spells                   Type           Power      Damage    Failure   Level
 Summon Small Mammal      Summ           0%         N/A       56%         1
 Ensorcelled Hibernation  Hex/Ice        0%         N/A       71%         2
 Passwall                 Tmut/Erth      0%         N/A       71%         2
 Ignite Poison            Fire/Tmut/Pois 0%         N/A       91%         3
 Swiftness                Air            0%         N/A       91%         3
 Hailstorm                Conj/Ice       0%         3d3       100%        4
 Sticky Flame             Conj/Fire      0%         2d3       100%        4
 Fireball                 Conj/Fire      0%         3d3       100%        5
 Summon Horrible Things   Summ           0%         N/A       100%        8
 Simulacrum               Ice/Necr       Unusable   N/A       N/A         6

Dungeon Overview and Level Annotations

Branches:
Dungeon (8/15)             Temple (1/1) D:5
   Lair: D:8-11

Altars:
Cheibriados
Dithmenos
Fedhas
Gozag
Hepliaklqana
Kikubaaqudgha
Makhleb
Okawaru
Qazlal
Ru
Sif Muna
Uskayaw
Vehumet
Wu Jian
Zin
The Shining One

Shops:
D:3 !   D:5 *

Annotations:
D:6 2 transporters, nroviw's ghost, amateur TrFi


Innate Abilities, Weirdness & Mutations

You have a pair of horns on your head.
You reflexively headbutt those who attack you in melee.


Message History

You hit the bullfrog. The bullfrog closely misses you.
The orc is distracted by your dazzling golden aura.
Something hits you. The bullfrog barely misses you. You furiously retaliate!
You headbutt the bullfrog.
Unknown command.
You slash the orc! You burn the orc.
You kill the orc!
You closely miss something. You closely miss the bullfrog. Something hits you!
The bullfrog barely misses you.
Unknown command.
You completely miss the orc. You headbutt the orc.
The orc is lightly wounded.
You hit the bullfrog. You barely miss something. The bullfrog misses you.
Something hits you!
* * * LOW HITPOINT WARNING * * *
The orc hits you but does no damage.
You are poisoned.
The bullfrog hits you.
* * * LOW HITPOINT WARNING * * *
You slash the orc!
You kill the orc!
You hit the bullfrog. You drain the bullfrog. You slash something!
Space warps horribly around something.
You feel sick. Something hits you.
* * * LOW HITPOINT WARNING * * *
The bullfrog misses you. You furiously retaliate!
You headbutt the bullfrog!
You kill the bullfrog!
Something hits you.
* * * LOW HITPOINT WARNING * * *
You miss something.
You feel sick. Something hits you!
* * * LOW HITPOINT WARNING * * *
You closely miss something.
* * * LOW HITPOINT WARNING * * *
You feel sick.
Unknown command.
You feel better.
You closely miss something.
You hear a shout!
Something hits you!
You die...
Your body crumbles into a pile of gold.

#####.... #........
#........ #.......#
#.......# #.......#
#$$.....#
###.##########@{.....#
.............'.......+
#######'######.......#
###........# #.......#
.>.........# #......?#
...........# #########
...###'##### ...+...#
...##..# #####


There were no monsters in sight!

Vanquished Creatures
  Maggie (D:6)
  Grinder (D:3)
  Eustachio (D:6)
  A water moccasin (D:6)
  2 black bears
  2 ice beasts
  An orc warrior (D:8)
  A sky beast (D:7)
  3 ogres
  2 centaurs
  2 phantoms
  A kobold brigand (D:6)
  3 bullfrogs
  A gnoll sergeant (D:7)
  A howler monkey (D:6)
  6 electric eels (D:6)
  4 jellies
  5 hounds
  2 orc priests
  3 iguanas
  Ijyb (D:3)
  7 orc wizards
  3 gnolls (D:7)
  4 adders
  A shadow imp (D:6)
  A white imp (D:6)
  An ufetubus (D:5)
  A worm (D:4)
  3 dart slugs
  24 orcs
  5 bats
  12 endoplasms
  A giant cockroach (D:4)
  4 goblins
  7 hobgoblins
  7 jackals
  5 quokkas
  9 ball pythons
  4 frilled lizards
  17 kobolds
  4 rats
164 creatures vanquished.

Vanquished Creatures (others)
  8 fungi (D:3)
  14 plants (D:6)
  6 toadstools (D:3)
28 creatures vanquished.

Grand Total: 192 creatures vanquished

Notes
Turn   | Place    | Note
-------+----------+-------------------------------------------
     0 | D:1      | nshep25 the Minotaur Fighter began the quest for the Orb.
     0 | D:1      | Reached XP level 1. HP: 19/19 MP: 0/0
   365 | D:1      | Found a faded altar of an unknown god.
   372 | D:1      | Reached XP level 2. HP: 27/27 MP: 1/1
   514 | D:1      | Got Jepe's Compilation of Generative Attacks
  1185 | D:2      | Reached XP level 3. HP: 33/33 MP: 2/2
  1289 | D:2      | Reached skill level 3 in Axes
  2108 | D:3      | Identified the +5 ring mail "Nuxzeyja" {+Blink Int+5
                  | Stlth+}
  2408 | D:3      | Found a blossoming altar of Fedhas.
  2410 | D:3      | Noticed Grinder
  2412 | D:3      | Paralysed by Grinder for 2 turns
  2421 | D:3      | Paralysed by Grinder for 2 turns
  2426 | D:3      | Killed Grinder
  2427 | D:3      | Reached skill level 4 in Axes
  2427 | D:3      | Reached skill level 5 in Armour
  2427 | D:3      | Reached skill level 1 in Dodging
  2427 | D:3      | Reached XP level 4. HP: 10/41 MP: 3/3
  2427 | D:3      | Reached XP level 5. HP: 12/47 MP: 4/4
  2427 | D:3      | Reached XP level 6. HP: 13/53 MP: 5/5
  2783 | D:3      | Reached skill level 5 in Axes
  3297 | D:3      | Found Onalo's Distillery.
  3458 | D:3      | Noticed Ijyb
  3465 | D:3      | Killed Ijyb
  3466 | D:3      | Reached skill level 1 in Stealth
  3694 | D:4      | Reached skill level 5 in Fighting
  3694 | D:4      | Reached skill level 6 in Axes
  3694 | D:4      | Reached XP level 7. HP: 44/61 MP: 6/6
  4058 | D:4      | Found a shadowy altar of Dithmenos.
  4445 | D:5      | Entered Level 5 of the Dungeon
  4470 | D:5      | Got the Commentary on the Frozen Summer
  4479 | D:5      | Found a staircase to the Ecumenical Temple.
  4497 | Temple   | Entered the Ecumenical Temple
  4679 | Temple   | Became a worshipper of Gozag Ym Sagoz the Greedy
  4879 | D:5      | Found Kaexzoc's Gadget Gallery.
  4888 | D:5      | Reached skill level 7 in Axes
  5049 | D:5      | Reached XP level 8. HP: 57/69 MP: 7/7
  5349 | D:5      | Found a snail-covered altar of Cheibriados.
  5495 | D:5      | Found a glowing silver altar of Zin.
  5647 | D:3      | Bought a potion of curing for 42 gold pieces
  5647 | D:3      | Bought a potion of curing for 42 gold pieces
  5647 | D:3      | Bought a potion of cancellation for 112 gold pieces
  5647 | D:3      | Bought a potion of curing for 42 gold pieces
  5722 | D:6      | Noticed Eustachio
  5962 | D:6      | Killed Eustachio
  5963 | D:6      | Reached skill level 5 in Shields
  6435 | D:6      | Found a shimmering blue altar of Sif Muna.
  6784 | D:6      | Found an ornate altar of the Wu Jian Council.
  6829 | D:6      | Reached skill level 8 in Axes
  7231 | D:6      | Noticed nroviw's ghost (amateur TrFi)
  7233 | D:6      | Noticed a cyclops
  7246 | D:6      | Reached skill level 1 in Throwing
  7257 | D:6      | Found a transporter.
  7261 | D:6      | Found a transporter.
  7282 | D:6      | Noticed Maggie
  7285 | D:6      | Found a burning altar of Makhleb.
  7297 | D:6      | Killed Maggie
  7991 | D:6      | HP: 2/70 [electric eel/bolt of electricity (8)]
  8366 | D:6      | Reached XP level 9. HP: 75/75 MP: 8/8
 10244 | D:7      | Identified the +5 whip "Finanis" {venom, rPois rF- rN+++
                  | Int+2}
 10559 | D:7      | Reached skill level 9 in Axes
 10662 | D:7      | Reached skill level 5 in Throwing
 10769 | D:7      | Identified the +12 whip of Charity {flame, rF+ rC+}
 11437 | D:8      | HP: 3/78 [something (7)]
 11438 | D:8      | HP: 1/78 [poisoned by an orc]
 11440 | D:8      | Slain by an orc warrior

Illustrated notes

Levels and vault maps discovered:
D:1:      minmay_arrival_arboretum_small, layout_basic,
          hellmonk_ecumenical_altar_crossroads
D:2:      layout_loops_ring, serial_rivers, chequers_serial_rivers_micro_e,
          chequers_serial_rivers_large_b, chequers_serial_rivers_micro_c,
          chequers_serial_rivers_micro_e, chequers_serial_rivers_micro_a,
          chequers_serial_rivers_room_a
D:3:      cheibrodos_fertilizer, layout_basic, fedhas_altar_3, serial_shops,
          shop, uniq_grinder, uniq_ijyb
D:4:      layout_basic, nicolae_dithmenos_shadow_blocks
D:5:      layout_loops_ring, overflow_temple_1_default, zin_treasury,
          temple_fountains, nicolae_shop_gadgets
D:6:      layout_gridville, mainiacjoe_overflow_small_starburst,
          mainiacjoe_overflow_catch_the_wave, gammafunk_ghost_arena,
          chequers_big_river, uniq_eustachio, uniq_maggie
D:7:      layout_loops_ring, st_stairs_13
D:8:      layout_basic, jmf_multi_god_temple,
          lightli_ossuary_entry_decrepit_ruins, minmay_misc_feat_four_crosses
Temple:   hellmonk_temple_flake

Skill      XL: |  1  2  3  4  5  6  7  8  9 |
---------------+----------------------------+-----
Armour         | 4 5 6 7 |  7.6
Shields        | 4 5 |  5.5
Fighting       | 4 5 6 |  6.6
Axes           | 4 6 7 8 9 |  9.5
Dodging        | 1 2 3 4 |  4.7
Stealth        | 1 2 3 |  3.1
Throwing       | 3 5 |  5.1
Unarmed Combat | |  0.4

Action                   |  1- 3 |  4- 6 |  7- 9 || total
-------------------------+-------+-------+-------++-------
Melee: War axe           |   105 |    65 |   249 ||   419
       Headbutt          |    22 |     9 |    47 ||    78
       Unarmed           |       |     4 |       ||     4
Throw: Boomerang         |       |       |    87 ||    87
  Use: Potion            |       |       |     2 ||     2
       Scroll            |       |       |    20 ||    20
 Stab: Distracted        |     1 |       |     1 ||     2
       Sleeping          |       |     2 |     8 ||    10
Armor: Scale mail        |    57 |       |       ||    57
       Ring mail         |     9 |    20 |   150 ||   179
Dodge: Dodged            |    54 |    24 |   136 ||   214
Block: Buckler           |    19 |    20 |    54 ||    93
